 Dungeon Crawl Stone Soup version 0.20.1-1-g8b1a95d (webtiles) character file.

49 slep the Skirmisher (level 3, 0/30 HPs)
             Began as a Demonspawn Abyssal Knight on Oct 30, 2017.
             Was a Follower of Lugonu.
             Slain by a hobgoblin (5 damage)
             ... on level 2 of the Dungeon.
             The game lasted 00:04:23 (707 turns).

slep the Skirmisher (Demonspawn Abyssal Knight)      Turns: 707, Time: 00:04:24

Health: 0/30       AC:  6    Str: 12    XL:     3   Next: 51%
Magic:  4/4        EV: 11    Int: 13    God:    Lugonu [*.....]
Gold:   85         SH:  0    Dex: 13    Spells: 2/2 levels left

rFire    . . .     SeeInvis .   a - +1 falchion
rCold    . . .     Gourm    .   (no shield)
rNeg     . . .     Faith    .   b - +0 leather armour
rPois    .         Spirit   .   (no helmet)
rElec    .         Reflect  .   (no cloak)
rCorr    .         Harm     .   m - +0 pair of gloves
MR       .....     Rnd*Tele +   (no boots)
Stlth    +.........             (no amulet)
Regen    0.1/turn               g - ring of teleportation (curse)
MPRegen  0.1/turn               j - ring of wizardry

@: no status effects
A: slimy green scales 1, demonic guardian 1
a: Depart the Abyss, Renounce Religion


You were on level 2 of the Dungeon.
You worshipped Lugonu.
Lugonu was aware of your devotion.
You were not hungry.

You visited 1 branch of the dungeon, and saw 2 of its levels.
You visited the Abyss 1 time.

You collected 85 gold pieces.

Inventory:

Hand Weapons
 a - a +1 falchion (weapon)
Armour
 b - a +0 leather armour (worn)
 m - a +0 pair of gloves (worn)
Jewellery
 g - a cursed ring of teleportation (left hand)
 j - a ring of wizardry (right hand)
Scrolls
 d - 3 scrolls of teleportation {unknown}
 e - a scroll of enchant armour {unknown}
 i - a scroll of blinking {unknown}
 k - 2 scrolls of immolation {unknown}
 l - a scroll of enchant weapon {unknown}
Potions
 h - a potion of curing {unknown}
 n - 2 potions of lignification {unknown}
 o - a potion of resistance {unknown}
Comestibles
 c - 2 bread rations
 f - 2 chunks of flesh


   Skills:
 + Level 3.7 Fighting
 + Level 2.5 Long Blades
 + Level 2.0 Armour
 + Level 1.2 Dodging
 + Level 2.5 Invocations


You had 2 spell levels left.
You didn't know any spells.

Dungeon Overview and Level Annotations

Branches:
Dungeon (2/15)

Altars:


Innate Abilities, Weirdness & Mutations

You are partially covered in slimy green scales. (AC +2)
A weak demonic guardian rushes to your aid.


Message History

The worm bites you.
You hit the worm.
The worm is moderately wounded.
The worm bites you.
You hit the worm.
The worm is moderately wounded.
You hit the worm.
The worm is severely wounded.
The worm bites you!
* * * LOW HITPOINT WARNING * * *
You hit the worm.
The worm is severely wounded.
The worm misses you.
You slash the worm!
You kill the worm!
Lugonu accepts your kill.
You hit the hobgoblin.
The hobgoblin is moderately wounded.
The hobgoblin hits you.
You die...

###
################..
#.................
#.##############..
#.# #.. #.# #..
#@# #.. #g# #..
#.# #.. ... #..
... #.. ..... ###
##.#. .>...


You could see a hobgoblin.

Vanquished Creatures
  A gnoll (D:1)
  An adder (D:2)
  A worm (D:2)
  2 dart slugs (D:1)
  2 giant cockroaches (D:1)
  4 hobgoblins (D:1)
  3 kobolds (D:1)
  2 bats (D:1)
  A frilled lizard (D:1)
  4 goblins (D:1)
  2 rats (D:1)
23 creatures vanquished.

Notes
Turn   | Place    | Note
-------+----------+-------------------------------------------
     0 | Abyss:1  | slep the Demonspawn Abyssal Knight began the quest for the Orb.
     0 | Abyss:1  | Reached XP level 1. HP: 18/18 MP: 2/2
   108 | Abyss:1  | Noticed a quasit
   128 | Abyss:1  | Noticed a raiju
   129 | D:1      | Escaped the Abyss
   155 | D:1      | Reached * piety under Lugonu
   226 | D:1      | Gained mutation: A weak demonic guardian rushes to your aid. [demonic ancestry]
   226 | D:1      | Reached XP level 2. HP: 16/24 MP: 3/3
   376 | D:1      | Reached skill level 1 in Dodging
   507 | D:1      | Gained mutation: You are partially covered in slimy green scales. (AC +2) [demonic ancestry]
   507 | D:1      | Reached XP level 3. HP: 9/30 MP: 4/4
   707 | D:2      | Slain by a hobgoblin

Skill      XL: |  1  2  3 |
---------------+----------+-----
Long Blades    | 2 |  2.5
Dodging        | 1 |  1.2
Armour         | 2 |  2.0
Fighting       | |  3.7
Invocations    | |  2.5

Action                   || total
-------------------------++-------
Melee: Falchion          ||    61
Invok: Depart the Abyss  ||     1
Armor: Leather armour    ||    18
Dodge: Dodged            ||    38
       Rpst.: Falchion   ||    13
